 Dungeon Crawl Stone Soup version 0.28-a0-1213-g0243856f03 (webtiles) character file.

Game seed: 7717921823000082406

3877 chunkyMonkey the Skirmisher (level 9, -2/117 HPs)
             Began as a Demigod Fighter on Dec 21, 2021.
             Slain by a wyvern skeleton (4 damage)
             ... on level 7 of the Dungeon.
             The game lasted 00:16:21 (12019 turns).

chunkyMonkey the Skirmisher (Demigod Fighter)      Turns: 12019, Time: 00:16:22

Health: -2/117     AC: 24    Str: 29    XL:     9   Next: 68%
Magic:  17/17      EV:  2    Int: 10    God:
Gold:   147        SH:  6    Dex: 19    Spells: 11/14 levels left

rFire   + . .      SeeInvis .   u - +1 whip (elec)
rCold   + . .      Faith    .   c - +0 buckler
rNeg    . . .      Spirit   .   (armour currently unavailable)
rPois   +          Reflect  .   (helmet currently unavailable)
rElec   +          Harm     .   (cloak currently unavailable)
rCorr   +          Rampage  .   (gloves currently unavailable)
Will    +....      NoTele   +   (boots currently unavailable)
Stlth   ++........              (no amulet)
HPRegen 0.29/turn               A - ring of willpower
MPRegen 0.15/turn               m - +6 ring of dexterity

@: mighty, tree-form (expiring), resistant (expiring)
A: stationary, stasis, torment immunity, boosted hp, high mp 1, forlorn, divine
attributes
a: no special abilities


You were on level 7 of the Dungeon.
You were a tree.
You visited 1 branch of the dungeon, and saw 7 of its levels.

You collected 319 gold pieces.
You spent 172 gold pieces at shops.

Inventory:

Hand Weapons
 a - a +0 vampiric war axe
 h - a +0 trident of protection
 u - a +1 whip of electrocution (weapon)
 y - a +0 vorpal hand axe
 G - a +0 spear of venom
Missiles
 d - 7 poisoned darts (quivered)
Armour
 b - a +1 scale mail
 c - a +0 buckler (worn)
 p - a +0 helmet (melded)
 r - a +0 chain mail (melded)
 x - a +0 pair of gloves (melded)
 E - a scarf of repulsion (melded)
Jewellery
 g - a ring of wizardry
 m - a +6 ring of dexterity (right branch)
 z - a ring of magical power
 A - a ring of willpower (left branch)
 D - a ring of wizardry
Wands
 w - a wand of flame (5)
 F - a wand of charming (10)
Scrolls
 f - 2 scrolls of teleportation
 q - a scroll of enchant weapon
 s - a scroll of immolation
 C - a scroll of amnesia
 H - a scroll of magic mapping
 I - 2 scrolls of identify
Potions
 e - a potion of cancellation
 j - a potion of invisibility
 l - 3 potions of flight
 n - 2 potions of brilliance
 o - a potion of magic
 t - a potion of lignification
 v - a potion of berserk rage
 B - a potion of might


   Skills:
 * Level 6.4 Fighting
 * Level 5.9 Axes
 * Level 6.4 Armour
 + Level 3.8 Dodging
 * Level 6.4 Shields
 + Level 3.3 Spellcasting
 + Level 2.0 Hexes


You had 11 spell levels left.
You knew the following spells:

 Your Spells              Type           Power      Damage    Failure   Level
a - Tukima's Dance        Hex            5%         N/A       34%         3

Your spell library contained the following spells:

 Spells                   Type           Power      Damage    Failure   Level
 Sandblast                Erth           2%         2d4       26%         1
 Passwall                 Tmut/Erth      0%         N/A       38%         2
 Frozen Ramparts          Ice            2%         1d2       63%         3
 Ozocubu's Armour         Ice            1%         N/A       63%         3
 Stone Arrow              Conj/Erth      2%         3d7       63%         3
 Ice Form                 Ice/Tmut       1%         N/A       95%         4
 Passage of Golubria      Tloc           1%         N/A       95%         4
 Summon Ice Beast         Ice/Summ       1%         N/A       95%         4
 Yara's Violent Unravell  Hex/Tmut       1%         3d3       99%         5
 Ozocubu's Refrigeration  Ice            0%         4d5       100%        7


Dungeon Overview and Level Annotations

Branches:
Dungeon (7/15)             Temple (0/1) D:6

Shops:
D:6 ?

Annotations:
D:4 1 runed translucent door, Crazy Yiuf


Innate Abilities, Weirdness & Mutations

You are a tree.
Your roots penetrate the ground, keeping you stationary.
You cannot be teleported.
You are immune to unholy pain and torment.
Your maximum health is greatly increased.
Your equipment is partially melded.
You have an increased reservoir of magic. (+10% MP)
You shall have no god before yourself.
Your divine heritage dramatically boosts your attributes as you level up.


Message History

The sky beast shocks you. You resist.
* * * LOW HITPOINT WARNING * * *
Okay, then.
Your +1 whip of electrocution stops crackling.
Your +0 spear of venom begins to drip with poison!
G - a +0 spear of venom (weapon)
You hit the sky beast.
The sky beast is lightly wounded.
The sky beast hits you but does no damage.
You puncture the sky beast!
The sky beast looks as sick as possible!
The sky beast is severely wounded.
The sky beast hits you but does no damage.
You puncture the sky beast!
You kill the sky beast!
You cannot move.
You start resting.
Your transformation is almost over.
You start resting.
A wyvern skeleton comes into view.
You hit the wyvern skeleton.
The wyvern skeleton is lightly damaged.
The wyvern skeleton bites you.
* * * LOW HITPOINT WARNING * * *
Your +0 spear of venom stops dripping with poison.
You hear the crackle of electricity.
u - a +1 whip of electrocution (weapon)
You start to feel less resistant.
You whack the wyvern skeleton!
The wyvern skeleton is heavily damaged.
The wyvern skeleton bites you but does no damage. x2
You hit the wyvern skeleton.
The wyvern skeleton is severely damaged.
The wyvern skeleton bites you!
* * * LOW HITPOINT WARNING * * *
Okay, then.
You whack the wyvern skeleton!
The wyvern skeleton is almost destroyed.
The wyvern skeleton bites you.
You die...

##.## ..≈..≈..†##
#..#.≈.(≈..≈..≈.#
##.##..≈..≈≈..≈..## ##
##..#...########...#
.###### ###..##..
##..##
...##.#####.#.##.≈
##≈.#
(..#.....#....##.# ##.#
#..#.......##.#.Z# #..
#..##.........#†♣# ##.
....#.........#.#).# #.
...#..........#.#..# #.
..###..#......#.##.#
##.
#......#......#^.#..
#..
#.............##.##..
##.#
#......##..>...#)†##.$
##..#
##.............##..##.8
##..## #........###.
#...########...#


You could see a wyvern skeleton.

Vanquished Creatures
  Pikel (D:4)
  Grinder (D:4)
  Eustachio (D:5)
  2 water moccasins (D:6)
  An orc warrior (D:7)
  2 black bears
  A hornet zombie (D:6)
  2 sky beasts (D:7)
  An ice beast (D:7)
  2 ogres
  2 centaurs (D:7)
  A phantom (D:4)
  3 lemures (D:4)
  3 bullfrogs (D:7)
  Blork the orc (D:6)
  A gnoll sergeant (D:7)
  2 scorpions (D:4)
  A wyvern skeleton (D:7)
  A water moccasin skeleton (D:4)
  5 killer bees
  A wight (D:7)
  A howler monkey (D:6)
  A bullfrog zombie (D:5)
  2 orc priests
  3 hounds
  A centaur zombie (D:5)
  A gnoll shaman (D:6)
  2 jellies
  4 iguanas
  A scorpion zombie (D:5)
  Ijyb (D:5)
  Natasha (thrice) (D:2)
  2 orc wizards
  A killer bee zombie (D:6)
  A hound skeleton (D:5)
  Robin (D:4)
  2 howler monkey zombies
  7 gnolls
  11 adders
  A howler monkey skeleton (D:7)
  2 shadow imps
  An ufetubus (D:5)
  An adder skeleton (D:4)
  5 worms
  A dart slug (D:4)
  17 orcs
  6 ball pythons
  3 endoplasms
  3 giant cockroaches
  17 goblins
  12 hobgoblins
  2 jackals (D:3)
  A quokka (D:5)
  3 bats
  4 frilled lizards
  6 kobolds
  7 rats
172 creatures vanquished.

Notes
Turn   | Place    | Note
-------+----------+-------------------------------------------
     0 | D:1      | chunkyMonkey the Demigod Fighter began the quest for the
                  | Orb.
     0 | D:1      | Reached XP level 1. HP: 18/18 MP: 3/3
   772 | D:1      | Reached XP level 2. HP: 21/25 MP: 4/4
  1794 | D:2      | Reached XP level 3. HP: 27/31 MP: 5/5
  2562 | D:2      | Noticed Natasha
  2567 | D:2      | Killed Natasha
  2579 | D:2      | Noticed Natasha
  2587 | D:2      | Killed Natasha
  2588 | D:2      | Reached XP level 4. HP: 7/38 MP: 7/7
  3015 | D:2      | Noticed Natasha
  3021 | D:2      | Killed Natasha
  3022 | D:2      | Reached skill level 1 in Dodging
  3316 | D:3      | Reached skill level 1 in Spellcasting
  3316 | D:3      | Reached XP level 5. HP: 36/45 MP: 7/9
  4877 | D:4      | Noticed Grinder
  4906 | D:4      | Paralysed by Grinder for 7 turns
  4969 | D:4      | Noticed Robin
  4978 | D:4      | Killed Robin
  4985 | D:4      | Found a runed translucent door.
  4992 | D:4      | Reached XP level 6. HP: 35/52 MP: 10/10
  5791 | D:4      | Reached XP level 7. HP: 59/59 MP: 12/12
  5929 | D:4      | Noticed Pikel
  5943 | D:4      | Killed Pikel
  6066 | D:4      | Paralysed by Grinder for 6 turns
  6082 | D:4      | Killed Grinder
  6083 | D:4      | Reached XP level 8. HP: 53/67 MP: 14/14
  6341 | D:4      | Noticed Crazy Yiuf
  6704 | D:5      | Entered Level 5 of the Dungeon
  6727 | D:5      | Noticed Ijyb
  6746 | D:4      | Reached skill level 5 in Fighting
  7114 | D:4      | Reached skill level 5 in Shields
  7425 | D:4      | Reached skill level 5 in Armour
  7626 | D:5      | Killed Ijyb
  7778 | D:5      | Noticed Eustachio
  7820 | D:5      | Killed Eustachio
  7998 | D:5      | Learned a level 3 spell: Tukima's Dance
  8034 | D:5      | Reached skill level 5 in Axes
  8873 | D:6      | Noticed Blork the orc
  8885 | D:6      | Killed Blork the orc
  9189 | D:6      | Reached skill level 1 in Hexes
  9189 | D:6      | Reached XP level 9. HP: 56/75 MP: 16/16
 10178 | D:6      | Found Xaitioch's Magic Scroll Shop.
 10192 | D:6      | Bought a scroll of enchant weapon for 112 gold pieces
 10192 | D:6      | Bought a scroll of identify for 30 gold pieces
 10192 | D:6      | Bought a scroll of identify for 30 gold pieces
 10388 | D:6      | Found a staircase to the Ecumenical Temple.
 12018 | D:7      | HP: 2/117 [wyvern skeleton (9)]
 12019 | D:7      | Slain by a wyvern skeleton

Illustrated notes

Levels and vault maps discovered:
D:1:      psy_arrival_terrarium, layout_basic,
          shapermc_ecumenical_altar_notcrosses
D:2:      layout_rooms, uniq_natasha
D:3:      layout_loops_ring, okawaru_gym_becter, kennysheep_generic_room_10
D:4:      kennysheep_spiral_hall, layout_basic, minivault_26,
          uniq_crazy_yiuf_cottage, uniq_pikel, uniq_grinder, uniq_robin
D:5:      layout_cave_pools, uniq_eustachio, uniq_ijyb
D:6:      layout_basic, lemuel_temple_firewalk_b, serial_shops,
          nicolae_lakefront_shop, hangedman_decor_points, uniq_blork_the_orc
D:7:      layout_cave_pools, moated_statue, nzn_random_ring

Skill      XL: |  1  2  3  4  5  6  7  8  9 |
---------------+----------------------------+-----
Axes           | 2 3 4 5 |  5.9
Fighting       | 3 4 5 6 |  6.4
Shields        | 3 4 5 6 |  6.4
Armour         | 3 4 5 6 |  6.4
Dodging        | 1 2 3 |  3.8
Spellcasting   | 1 2 3 |  3.3
Hexes          | 1 2 |  2.0

Action                   |  1- 3 |  4- 6 |  7- 9 || total
-------------------------+-------+-------+-------++-------
Melee: War axe           |   114 |   259 |    53 ||   426
       Dagger            |       |     5 |    59 ||    64
       Whip              |       |       |   217 ||   217
       Spear             |       |       |    79 ||    79
Throw: Dart              |       |     7 |       ||     7
Evoke: Wand              |       |       |     3 ||     3
  Use: Potion            |     1 |     1 |     6 ||     8
       Scroll            |       |     9 |     6 ||    15
Armor: Scale mail        |    65 |    90 |       ||   155
       Chain mail        |       |    29 |   173 ||   202
       Skin              |       |       |    23 ||    23
Dodge: Dodged            |    48 |   142 |   179 ||   369
Block: Buckler           |    28 |    68 |   128 ||   224

Table legend: (Time is in decaauts)
 A = Elapsed time spent in this place.
 B = Non-inter-level travel time spent in this place.
 C = Inter-level travel time spent in this place.
 D = Time resting spent in this place.
 E = Time spent auto-exploring this place.
 F = Levels seen in this place.
 G = Mean time per level.
                   A        B        C        D        E       F      G
               +--------+--------+--------+--------+--------+-----+--------+
         Total |  12165 |  11806 |    359 |   5664 |   4258 |   7 | 1737.9 |
       Dungeon |  12165 |  11806 |    359 |   5664 |   4258 |   7 | 1737.9 |
               +--------+--------+--------+--------+--------+-----+--------+

Top non-repeatable levels by time:
     D:4: 2817 daAuts
     D:6: 2295 daAuts
     D:2: 1865 daAuts
     D:3: 1611 daAuts
     D:1: 1439 daAuts
     D:5: 1172 daAuts
     D:7: 963 daAuts
